Map: Ulrena

Players

MorN - Winner!

  • Race: Terran Terran
  • League: Master

Mariuslol

  • Race: Zerg Zerg
  • League: Master

VOD

Have the link to the VOD?

Description

Time

  • Played on: Nov. 23, 2015, 9:59 p.m.
  • Length: 14:42
Show
View Real Time Build Order
Export as new Build Order

MorN Terran - Winner!

Build Orders: Reaper Expand, MMM Bio 

Get SALT Encoding   

  12  0:01  SCV  
  13  0:13  SCV  
  14  0:18  Supply Depot  
  14  0:26  SCV  
  15  0:39  SCV  
  15  0:40  Barracks  
  16  0:45  Refinery  
  16  0:52  SCV  
  17  1:04  SCV  
  18  1:18  SCV  
  19  1:28  Reaper  
  19  1:30  Orbital Command  
  20  1:43  Command Center  
  20  1:57  Supply Depot  
  20  2:01  Reaper  
  21  2:03  SCV  
  22  2:18  SCV  
  23  2:38  Factory  
  23  2:44  Refinery  
  23  2:46  Barracks Reactor, SCV  
  23  2:48  Command Center  
  24  2:57  Orbital Command  
  25  2:58  SCV  
  25  3:10  SCV  
  26  3:22  Factory Tech Lab, SCV, Marine x2  
  26  3:27  Starport  
  29  3:29  SCV  
  30  3:34  SCV  
  30  3:41  SCV  
  32  3:43  Marine x2  
  34  3:48  SCV  
  34  3:53  SCV  
  36  4:00  Siege Tank  
  36  4:01  SCV  
  36  4:02  Orbital Command  
  40  4:08  Viking  
  40  4:09  SCV  
  43  4:13  Marine x2  
  43  4:14  SCV  
  46  4:21  SCV  
  47  4:26  SCV  
  46  4:32  Siege Tank  
  43  4:39  Marine x2  
  39  5:01  Marine x2  
  41  5:07  Orbital Command  
  41  5:19  Banshee, Cloaking Field  
  44  5:21  Factory Tech Lab  
  44  5:22  SCV  
  44  5:26  Marine x2  
  47  5:30  SCV  
  48  5:39  SCV x2  
  48  5:42  SCV  
  51  5:43  Engineering Bay  
  51  5:44  Engineering Bay  
  51  5:51  SCV  
  52  5:57  Barracks  
  52  5:58  SCV  
  52  5:59  SCV, Barracks  
  52  6:00  Factory Reactor  
  52  6:03  SCV  
  55  6:04  Banshee  
  55  6:10  Stimpack  
  55  6:11  SCV x2  
  59  6:15  SCV, Refinery  
  59  6:16  Refinery  
  61  6:20  Supply Depot  
  61  6:33  Supply Depot  
  61  6:42  SCV x3, Marine  
  65  6:51  Marine  
  66  6:54  SCV x3  
  66  6:57  Barracks  
  66  6:58  Barracks  
  66  7:00  Starport Reactor  
  69  7:04  Factory Reactor  
  69  7:06  SCV x3  
  69  7:08  Marine x3  
  71  7:09  Marine  
  71  7:10  Terran Infantry Weapons Level 1, Terran Infantry Armor Level 1  
  71  7:14  Supply Depot  
  73  7:18  SCV x3  
  76  7:26  Marine  
  77  7:34  Missile Turret  
  77  7:35  Supply Depot x2  
  77  7:36  SCV x2, Marine x2  
  83  7:40  Medivac  
  83  7:43  Marine  
  85  7:45  Orbital Command  
  85  7:48  SCV  
  85  7:51  Supply Depot  
  85  7:53  Supply Depot  
  85  7:54  Missile Turret  
  85  7:55  Factory Reactor  
  85  7:56  SCV, Medivac, Marine x6  
  94  8:00  SCV  
  94  8:01  Armory, Marine  
  96  8:09  SCV, Combat Shields, Marauder  
  96  8:11  Medivac  
  101  8:14  SCV x2  
  101  8:15  Marauder  
  105  8:20  Marine x4  
  105  8:21  Marine  
  105  8:26  Missile Turret, Medivac  
  112  8:30  Missile Turret, Marauder  
  112  8:33  SCV  
  115  8:36  Marauder  
  117  8:43  SCV x2  
  117  8:45  Supply Depot, SCV  
  117  8:46  Supply Depot x2  
  120  8:52  Marauder  
  122  8:56  SCV x2  
  122  9:03  Marine  
  122  9:04  Marine x3  
  122  9:06  Marine x3  
  124  9:13  Marine  
  123  9:21  Marine x2  
  123  9:22  Marine x2  
  127  9:24  Marine x3  
  127  9:29  Missile Turret  
  127  9:30  Marine  
  127  9:31  Terran Infantry Weapons Level 2, Missile Turret, Terran Infantry Armor Level 2  
  131  9:32  SCV x2  
  133  9:39  Marine  
  133  9:43  Marine x2  
  133  9:44  Marauder  
  138  9:49  Marauder  
  138  9:50  Command Center, Marine x2  
  142  10:05  Marauder, Marine x3  
  147  10:09  Marine x2  
  147  10:13  Supply Depot  
  147  10:14  Supply Depot  
  148  10:18  Marine x2  
  150  10:22  Marine  
  150  10:27  Marauder  
  153  10:29  Marine x3  
  151  10:36  Marauder  
  151  10:37  Marine x2  
  151  10:41  Marine  
  148  10:49  Marine x4  
  152  10:56  Barracks  
  152  10:57  Barracks  
  152  10:58  Barracks, Medivac x2  
  152  11:00  Reaper x2  
  158  11:05  Marine  
  158  11:07  Marine  
  160  11:22  Marine  
  160  11:25  Marine  
  162  11:26  Widow Mine x2  
  162  11:28  Missile Turret x2  
  162  11:30  Missile Turret  
  162  11:32  Reaper x2  
  159  11:41  Marauder  
  159  11:43  Marine  
  159  11:44  Medivac  
  161  11:48  Barracks Tech Lab  
  161  11:50  Barracks Reactor  
  161  11:51  Barracks Tech Lab  
  151  11:54  Planetary Fortress, Widow Mine x2  
  151  12:01  Marine  
  156  12:02  Terran Infantry Weapons Level 3, Marine  
  156  12:04  Marine x2  
  159  12:18  Marine x2  
  159  12:19  Marauder  
  159  12:20  Marauder  
  159  12:22  Marine x2  
  156  12:23  Widow Mine x2  
  156  12:29  Marine x2  
  149  12:36  Marauder, Marine  
  132  12:40  Marauder, Marine  
  132  12:41  Marauder, Marine  
  113  12:59  Command Center  
  100  13:16  Supply Depot  
  100  13:19  Supply Depot  
  97  13:20  Supply Depot  
  97  13:21  Supply Depot x2  
  89  13:59  Barracks  
  89  14:03  Factory  
  89  14:29  Missile Turret  
Show
View Real Time Build Order
Export as new Build Order

Mariuslol Zerg 

Build Orders: Hatch First 

Get SALT Encoding   

  12  0:01  Drone  
  13  0:14  Overlord  
  13  0:20  Drone  
  14  0:32  Drone x2  
  16  0:36  Drone  
  17  0:55  Hatchery  
  16  0:58  Drone  
  16  1:01  Drone  
  18  1:07  Extractor  
  18  1:09  Drone  
  18  1:20  Spawning Pool  
  18  1:23  Drone  
  18  1:34  Drone  
  19  1:45  Overlord  
  19  2:08  Zergling x4  
  19  2:09  Queen x2, Zergling x2  
  19  2:13  Metabolic Boost  
  26  2:20  Drone x2  
  27  2:36  Drone x3  
  29  2:40  Drone  
  30  2:50  Roach Warren  
  29  2:55  Drone  
  29  2:56  Drone  
  29  2:57  Extractor  
  30  3:05  Overlord  
  30  3:06  Overlord  
  30  3:32  Roach  
  30  3:33  Roach x6  
  44  3:40  Overlord  
  43  3:56  Zergling x10  
  48  4:04  Ravager x2  
  50  4:11  Drone x4  
  54  4:18  Drone x2  
  56  4:30  Drone x2  
  56  4:31  Drone  
  59  4:37  Overlord x2  
  59  4:40  Ravager  
  54  4:55  Drone x3  
  54  5:07  Spore Crawler  
  54  5:09  Spore Crawler  
  53  5:14  Drone x4  
  53  5:19  Hatchery  
  53  5:20  Lair  
  55  5:28  Drone x2  
  57  5:33  Drone x2  
  59  5:35  Extractor  
  59  5:36  Overlord  
  59  5:38  Extractor  
  59  5:40  Drone  
  59  5:41  Drone  
  59  5:51  Drone  
  60  5:57  Evolution Chamber  
  60  5:58  Drone x3  
  60  5:59  Evolution Chamber  
  60  6:02  Drone x2  
  63  6:04  Drone  
  63  6:06  Overlord x2  
  64  6:20  Spire  
  62  6:33  Queen  
  62  6:34  Drone  
  62  6:35  Drone x6  
  71  6:41  Queen  
  71  6:43  Drone x4  
  74  6:50  Overseer  
  71  6:58  Zerg Ground Armor Level 1, Zerg Melee Weapons Level 1  
  71  7:04  Spore Crawler  
  71  7:05  Drone  
  71  7:06  Drone x5  
  74  7:08  Extractor  
  74  7:11  Extractor  
  72  7:17  Drone x2  
  72  7:18  Drone x6  
  80  7:25  Overlord x2  
  80  7:29  Overlord  
  80  7:36  Overlord  
  80  7:44  Mutalisk  
  80  7:45  Mutalisk x3  
  80  7:46  Baneling Nest  
  80  7:47  Mutalisk  
  80  7:50  Mutalisk  
  91  7:52  Mutalisk  
  91  7:55  Mutalisk  
  95  8:00  Mutalisk x2  
  99  8:16  Zerg Flyer Weapons Level 1, Mutalisk x4  
  99  8:19  Spine Crawler, Overseer  
  106  8:25  Zergling x2  
  106  8:26  Zergling x10  
  112  8:40  Overlord, Zergling x2  
  112  8:41  Zergling x2  
  114  8:42  Overlord  
  114  8:43  Hatchery  
  114  8:48  Overlord x2  
  113  8:55  Overlord  
  113  8:56  Zergling x2  
  113  8:58  Baneling x2  
  113  8:59  Baneling x8  
  113  9:00  Baneling x2  
  112  9:02  Mutalisk  
  112  9:04  Zergling x2  
  115  9:11  Zergling x6  
  115  9:16  Zerg Melee Weapons Level 2  
  108  9:23  Zergling x2  
  110  9:24  Zergling x18  
  118  9:33  Mutalisk x2  
  118  9:34  Mutalisk x2  
  125  9:42  Zergling x4  
  125  9:43  Zergling x6  
  122  9:46  Zergling x4  
  124  9:54  Spore Crawler  
  124  9:56  Mutalisk x2  
  124  9:57  Mutalisk x3  
  124  9:58  Zerg Ground Armor Level 2  
  133  10:08  Zergling x10  
  133  10:09  Pneumatized Carapace  
  135  10:18  Mutalisk x2  
  139  10:22  Overseer x2  
  139  10:27  Zergling x14  
  144  10:32  Baneling Nest  
  142  10:37  Hatchery  
  141  10:55  Overlord x2  
  141  10:56  Zergling x6  
  141  10:57  Zergling x4  
  146  11:15  Centrifical Hooks  
  146  11:18  Mutalisk x3  
  146  11:19  Mutalisk x5  
  146  11:21  Drone x4  
  166  11:29  Zergling x2  
  166  11:30  Zergling x6  
  169  11:40  Overlord, Zergling x2  
  169  11:44  Overlord  
  169  11:45  Hatchery  
  168  11:51  Overlord, Zergling x2  
  169  12:00  Baneling  
  169  12:01  Baneling x18  
  169  12:02  Baneling  
  168  12:16  Zergling x2  
  168  12:17  Zergling x16  
  168  12:18  Extractor  
  168  12:20  Zergling x2  
  168  12:21  Zergling x2  
  173  12:25  Zergling x2  
  173  12:26  Zergling x4  
  131  12:41  Baneling x4  
  131  12:42  Baneling x8  
Tags
 
Composition
MMM Bio
Matchup
TvZ
Replay Pack
MorN pack 2
Add a new tag
Caveats
  • Supply blocks, unpowered buildings, or Contaminate may cause inaccurate times.
  • Supply counts are checked every 10 seconds.